 Dungeon Crawl Stone Soup version 0.30-a0-782-ge64f9170bb (webtiles) character file.

Game seed: 13182966566632576704

489 theswoord the Skirmisher (level 6, 0/34 HPs)
             Began as a Deep Elf Hunter on Feb 23, 2023.
             Slain by a water moccasin (3 damage)
             ... on level 4 of the Dungeon.
             The game lasted 00:04:48 (3845 turns).

theswoord the Skirmisher (Deep Elf Hunter)          Turns: 3845, Time: 00:04:48

Health: 0/34       AC:  6    Str: 10    XL:     6   Next: 90%
Magic:  8/8        EV:  9    Int: 14    God:
Gold:   200        SH:  0    Dex: 18    Spells: 5/5 levels left

rFire   . . .      SeeInvis .    a - +0 shortbow
rCold   . . .      Faith    .    (shield currently unavailable)
rNeg    . . .      Spirit   .    e - +0 scale mail
rPois   .          Reflect  .    (no helmet)
rElec   .          Harm     .    l - scarf {repulsion}
rCorr   .          Rampage  .    (no gloves)
Will    .....                    (no boots)
Stlth   +                        (no amulet)
HPRegen 0.25/turn                (no ring)
MPRegen 0.11/turn                (no ring)

@: repel missiles
A: no striking features
a: no special abilities


You were on level 4 of the Dungeon.
You visited 2 branches of the dungeon, and saw 5 of its levels.

You collected 200 gold pieces.

Inventory:

Hand Weapons
 a - a +0 shortbow (weapon)
 b - a +2 trident of flaming
Armour
 c - a +0 leather armour
 e - a +0 scale mail (worn)
 l - a scarf of repulsion (worn)
Jewellery
 k - a +4 ring of slaying
Scrolls
 d - 3 scrolls of identify
 f - 2 scrolls of silence
Potions
 g - a potion of degeneration
 h - 2 potions of brilliance
 i - a potion of flight


   Skills:
 - Level 1.5 Fighting
 + Level 10.9 Ranged Weapons
 - Level 2.4 Dodging
 - Level 1.2 Stealth


You had 5 spell levels left.
You didn't know any spells.
Your spell library contained the following spells:

 Spells                   Type           Power      Damage    Failure   Level
 Shock                    Conj/Air       0%         1d3       91%         1
 Cigotuvi's Dreadful Rot  Necr/Pois/Air  0%         N/A       97%         2
 Poisonous Vapours        Pois/Air       0%         N/A       97%         2
 Call Canine Familiar     Summ           0%         N/A       99%         3
 Mephitic Cloud           Conj/Pois/Air  0%         N/A       99%         3
 Portal Projectile        Hex/Tloc       0%         N/A       99%         3
 Swiftness                Air            0%         N/A       99%         3
 Airstrike                Air            0%         2d(0-16)  100%        4
 Leda's Liquefaction      Hex/Erth       0%         N/A       100%        4
 Olgreb's Toxic Radiance  Pois           0%         N/A       100%        4
 Ozocubu's Refrigeration  Ice            0%         4d7       100%        7
 Ignition                 Fire           0%         3d3       100%        8


Dungeon Overview and Level Annotations

Branches:
Dungeon (4/15)             Temple (1/1) D:4

Altars:
Ashenzari
Cheibriados
Dithmenos
Elyvilon
Fedhas
Gozag
Hepliaklqana
Makhleb
Nemelex Xobeh
Okawaru
Ru
Trog
Uskayaw
Vehumet
Wu Jian
Xom
Yredelemnul
Zin
The Shining One

Annotations:
D:4 1 runed translucent door, Crazy Yiuf


Message History

d - 3 scrolls of identify (gained 1)
Found a hammer.
Found a runed translucent door.
Crazy Yiuf shouts!
Crazy Yiuf waves his quarterstaff at you.
Things that are here:
a +0 club; 3 stones You see here a hobgoblin corpse.
You see here 4 stones.
A water moccasin comes into view.
The water moccasin hisses angrily.
A water moccasin is nearby!
You shoot an arrow.
The arrow closely misses the water moccasin.
You shoot an arrow. The arrow hits the water moccasin!
Okay, then.
Okay, then.
You shoot an arrow. The arrow hits the water moccasin.
The water moccasin bites you.
You shoot an arrow. The arrow misses the water moccasin.
The water moccasin bites you. x2
You are poisoned.
The water moccasin poisons you!
You shoot an arrow.
The arrow completely misses the water moccasin.
You feel very sick. The water moccasin bites you.
* * * LOW HITPOINT WARNING * * *
You shoot an arrow. The arrow hits the water moccasin.
You feel very sick. The water moccasin bites you.
* * * LOW HITPOINT WARNING * * *
You are lethally poisoned!
The water moccasin poisons you! The water moccasin bites you!
* * * LOW HITPOINT WARNING * * *
You feel better. The water moccasin barely misses you.
The water moccasin bites you.
* * * LOW HITPOINT WARNING * * *
You shoot an arrow. The arrow misses the water moccasin.
The water moccasin bites you.
You die...

##......>.....##.#.#
.........#.#..##.#.##
.....................
...................##
##.................#
#...#.###........##
#...#.......#...##
#...######......#######
##.## ##....@S......
##.#### #.##.##......
#.....#####.##.##...!..
##.........#.##..b......
[....#.###.#..<###. ...
#................... ..
...#.#..##.......#.. .
#......(#.........#
##................#


You could see a water moccasin.

Vanquished Creatures
  Sigmund (D:3)
  An ogre (D:4)
  Ijyb (D:3)
  2 iguanas
  Natasha (D:3)
  5 adders
  4 worms
  2 dart slugs
  5 orcs (D:3)
  9 endoplasms
  6 giant cockroaches
  6 hobgoblins
  2 jackals (D:2)
  5 quokkas
  10 ball pythons
  5 bats
  5 frilled lizards
  6 goblins
  7 kobolds
  4 rats
87 creatures vanquished.

Notes
Turn   | Place    | Note
-------+----------+-------------------------------------------
     0 | D:1      | theswoord the Deep Elf Hunter began the quest for the Orb.
     0 | D:1      | Reached XP level 1. HP: 12/12 MP: 3/3
   392 | D:1      | Reached XP level 2. HP: 13/16 MP: 4/4
   408 | D:1      | Reached skill level 6 in Ranged Weapons
   789 | D:1      | Reached XP level 3. HP: 20/20 MP: 5/5
  1344 | D:2      | Reached skill level 7 in Ranged Weapons
  1826 | D:2      | Reached XP level 4. HP: 11/25 MP: 6/6
  2428 | D:3      | Reached skill level 8 in Ranged Weapons
  2443 | D:3      | Noticed Sigmund
  2472 | D:3      | Killed Sigmund
  2473 | D:3      | Reached skill level 9 in Ranged Weapons
  2473 | D:3      | Reached XP level 5. HP: 29/29 MP: 7/7
  2503 | D:3      | Reached XP level 6. HP: 34/34 MP: 8/8
  2647 | D:3      | Noticed Ijyb
  2674 | D:3      | Killed Ijyb
  2675 | D:3      | Reached skill level 10 in Ranged Weapons
  2759 | D:3      | Noticed Natasha
  2765 | D:3      | Killed Natasha
  3622 | D:4      | Found a staircase to the Ecumenical Temple.
  3640 | Temple   | Entered the Ecumenical Temple
  3746 | D:4      | Found a runed translucent door.
  3747 | D:4      | Noticed Crazy Yiuf
  3837 | D:4      | Noticed a water moccasin
  3843 | D:4      | HP: 1/34 [water moccasin (7)]
  3845 | D:4      | Slain by a water moccasin

Skill      XL: |  1  2  3  4  5  6 |
---------------+-------------------+-----
Ranged Weapons | 6 7 9 10 | 10.9
Fighting       | |  1.5
Dodging        | |  2.4
Stealth        | |  1.2

Action                     |  1- 3 |  4- 6 || total
---------------------------+-------+-------++-------
  Melee: Shortbow          |       |     2 ||     2
   Fire: Shortbow          |   132 |   162 ||   294
    Use: Scroll            |     4 |     7 ||    11
         Potion            |       |     2 ||     2
 Armour: Scale mail        |    50 |    22 ||    72
  Dodge: Dodged            |    31 |    28 ||    59

Levels and vault maps discovered:
D:1:      elethiomel_arrival_maze, layout_loops_corners
D:2:      layout_loops_corners
D:3:      layout_basic, uniq_natasha, uniq_ijyb, uniq_sigmund
D:4:      layout_loops_cross, minmay_temple_entry_butterflies,
          uniq_crazy_yiuf_cottage
Temple:   hellmonk_temple_of_storms
